 Dungeon Crawl Stone Soup version 0.31.0-32-g396128a36d (webtiles) character file.

Game seed: 14793641286859539633

606 hawla the Magician (level 7, -2/38 HPs)
             Began as a Deep Elf Fire Elementalist on Mar 10, 2024.
             Killed by divine providence
             ... invoked by an orc priest
              (13 damage)
             ... on level 4 of the Dungeon.
             The game lasted 00:09:44 (3817 turns).

hawla the Magician (Deep Elf Fire Elementalist)     Turns: 3817, Time: 00:09:45

Health: -2/38      AC:  3    Str:  5    XL:     7   Next: 19%
Magic:  14/18      EV: 14    Int: 22    God:
Gold:   245        SH:  0    Dex: 15    Spells: 11/18 levels left

rFire   . . .        (no weapon)
rCold   . . .        u - orb {*channel}
rNeg    . . .        a - +0 robe
rPois   .            o - +0 helmet
rElec   .            (no cloak)
rCorr   .            (no gloves)
SInv    .            (no boots)
Will    .....        (no amulet)
Stlth   +++          (no ring)
HPRegen 0.26/turn    (no ring)
MPRegen 0.16/turn

%: channel magic (20%)
@: very slightly contaminated
A: no striking features
a: no special abilities


You were on level 4 of the Dungeon.
You visited 1 branch of the dungeon, and saw 4 of its levels.
You also visited: Sewer.

You collected 245 gold pieces.

Inventory:

Armour
 a - a +0 robe (worn)
 o - a +0 helmet (worn)
 u - an orb of energy (worn)
Magical Staves
 x - a staff of air
Scrolls
 e - a scroll of fear {unknown}
 i - 2 scrolls of fog
 k - 2 scrolls of revelation
 l - a scroll of brand weapon
 n - a scroll of enchant weapon
 q - a scroll of identify
 r - a scroll of teleportation {unknown}
 s - a scroll of enchant armour {unknown}
 v - a scroll of blinking {unknown}
 w - a scroll of noise {unknown}
 y - a scroll of amnesia {unknown}
Potions
 b - 2 potions of magic
 c - a potion of ambrosia
 d - 4 potions of heal wounds {unknown}
 f - a potion of curing {unknown}
 g - a potion of degeneration {unknown}
 h - a potion of brilliance {unknown}
 j - a potion of lignification {unknown}
 m - 2 potions of enlightenment {unknown}
 p - 2 potions of resistance {unknown}
 t - a potion of mutation {unknown}


   Skills:
 - Level 1.0 Fighting
 + Level 4.7 Dodging
 - Level 5.0 Stealth
 - Level 6.0 Spellcasting
 - Level 3.0 Conjurations
 - Level 5.0 Fire Magic


You had 11 spell levels left.
You knew the following spells:

 Your Spells              Type           Power      Damage    Failure   Level
a - Foxfire               Conj/Fire      96%        2x1d8     8%          1
b - Scorch                Fire           56%        2d7       8%          2
c - Flame Wave            Conj/Fire      24%        2d8       36%         4

Your spell library contained the following spells:

 Spells                   Type           Power      Damage    Failure   Level
 Sting                    Conj/Alch      52%        1d6       14%         1
 Inner Flame              Hex/Fire       17%        N/A       24%         3
 Volatile Blastmotes      Fire/Tloc      34%        2d12      24%         3
 Stone Arrow              Conj/Erth      26%        3d8       32%         3
 Fire Storm               Conj/Fire      12%        8d3       100%        9


Dungeon Overview and Level Annotations

Branches:
Dungeon (4/15)              Sewer (visited)
 Temple: D:4-7

Altars:
Uskayaw
Yredelemnul


Message History

Found 4 gold pieces.
The foxfire hits the adder.
You kill the adder!
The foxfire hits the orc!
The orc is burned terribly!
You kill the orc!
A hobgoblin comes into view.
Casting: Foxfire (safe; 8% risk of failure)
Confirm with . or Enter, or press ? or * to list all spells.
Flames lash the orc.
The orc is severely wounded.
The orc's fire resistance burns away.
You hear a shout!
Casting: Scorch (safe; 8% risk of failure)
Confirm with . or Enter, or press ? or * to list all spells.
Casting: Flame Wave (extremely dangerous; 36% risk of failure)
Press: ? - help, Dir - look around, f - activate You miscast Flame Wave.
You are very lightly contaminated with residual magic.
Nothing appears to happen.
Magical energy flows into your mind!
An orc comes into view. It is wielding a +0 dagger.
The orc priest hits you but does no damage.
The orc hits you with a +0 club.
Casting: Flame Wave (extremely dangerous; 36% risk of failure)
Confirm with . or Enter, or press ? or * to list all spells.
Casting: Flame Wave (extremely dangerous; 36% risk of failure)
Press: ? - help, Dir - look around, f - activate You miscast Flame Wave.
Energy rips through your body! Magical energy flows into your mind!
The orc priest closely misses you. The orc closely misses you.
The orc hits you with a +0 dagger.
Unknown command.
Casting: Flame Wave (extremely dangerous; 36% risk of failure)
Confirm with . or Enter, or press ? or * to list all spells.
Casting: Flame Wave (extremely dangerous; 36% risk of failure)
Press: ? - help, Dir - look around, f - activate You miscast Flame Wave.
You are blasted with searing flames!
* * * LOW HITPOINT WARNING * * *
Magical energy flows into your mind!
The orc is no longer more vulnerable to fire.
The orc priest mumbles some strange prayers to Beogh against you.
Beogh smites you!
You die...

.....# *,,,* *,,, .....#########
####...#**** *,,, .............#
#......*,,,* *,,, .............#
#......*,,,****,,,
.............###......*,,,,,,,,,,
.###.................,*,,,,,,,,,,
.....#####........#####.,,,,,,,,,
.......# #.....†.o......,,,,,,,,,
.......# #.....)@o.g.o..,,,,,,,,,
.......# ####....o......,,,,,,,,,
.......#****#.........##,,,,,,***
..#####..,............#******** *
..#,,,,..........#....# *,,,,,* *
..#,***,.........#....# *,,,,,* *
,,*,***,........)#....#**,,,,,***
,,,,,,+,...............,+,,,,,,,+
,**,***..........#.,.$#**,,,,,,,*


You could see an orc priest, 3 orcs and a hobgoblin.

Vanquished Creatures
  Grinder (D:3)
  2 bullfrogs (Sewer)
  A scorpion (D:3)
  Jessica (D:3)
  2 river rats
  10 adders
  A ribbon worm (D:3)
  3 dart slugs
  4 orcs (D:4)
  5 bats
  5 endoplasms
  3 giant cockroaches
  4 goblins
  5 hobgoblins
  3 jackals (D:1)
  5 quokkas
  12 ball pythons
  8 frilled lizards
  5 kobolds
  19 rats
99 creatures vanquished.

Vanquished Creatures (others)
  133 foxfires
133 creatures vanquished.

Grand Total: 232 creatures vanquished

Notes
Turn   | Place    | Note
-------+----------+-------------------------------------------
     0 | D:1      | hawla the Deep Elf Fire Elementalist began the quest for
                  | the Orb.
     0 | D:1      | Reached XP level 1. HP: 10/10 MP: 6/6
   126 | D:1      | Reached skill level 1 in Fighting
   188 | D:1      | Reached XP level 2. HP: 16/16 MP: 5/8
   191 | D:1      | Learned a level 2 spell: Scorch
  1110 | D:2      | Reached XP level 3. HP: 15/20 MP: 5/9
  1380 | D:2      | Found a faded altar of an unknown god.
  1967 | D:3      | Noticed Grinder
  1977 | D:3      | Killed Grinder
  1978 | D:3      | Reached skill level 5 in Stealth
  1978 | D:3      | Reached skill level 5 in Fire Magic
  1978 | D:3      | Reached XP level 4. HP: 9/25 MP: 7/11
  1978 | D:3      | Reached XP level 5. HP: 11/29 MP: 7/12
  2082 | D:3      | Noticed Jessica
  2090 | D:3      | Killed Jessica
  2091 | D:3      | Reached XP level 6. HP: 34/34 MP: 8/13
  2205 | D:3      | Found a basalt altar of Yredelemnul.
  2211 | D:3      | Reached skill level 4 in Spellcasting
  2389 | D:3      | Found a glowing drain.
  2393 | Sewer    | Entered a sewer
  2521 | Sewer    | Identified a scroll of acquirement
  2524 | Sewer    | Acquired Dispater's Enchiridion on Bolts
  2531 | Sewer    | Learned a level 4 spell: Flame Wave
  2566 | Sewer    | Reached skill level 5 in Spellcasting
  2793 | Sewer    | Reached skill level 6 in Spellcasting
  2997 | D:3      | Found a hide-covered altar of Uskayaw.
  3018 | D:3      | Reached XP level 7. HP: 38/38 MP: 13/18
  3817 | D:4      | Killed from afar by an orc priest

Illustrated notes

Levels and vault maps discovered:
D:1:      minmay_arrival_cross, layout_basic
D:2:      layout_loops_ring, hellmonk_ecumenical_altar_zigzags, minmay_cupped
D:3:      layout_loops_ring, mainiacjoe_overflow_concentric_impassable,
          mainiacjoe_overflow_brackets, gup_sewer_entry_spiral, uniq_jessica,
          uniq_grinder
D:4:      layout_basic

Skill      XL: |  1  2  3  4  5  6 |
---------------+-------------------+-----
Fighting       | 1 |  1.0
Conjurations   | 3 |  3.0
Stealth        | 5 |  5.0
Fire Magic     | 5 |  5.0
Spellcasting   | 6 |  6.0
Dodging        | 4 |  4.7

Action                     |  1- 3 |  4- 6 |  7- 9 || total
---------------------------+-------+-------+-------++-------
  Melee: Unarmed           |     9 |     8 |       ||    17
         Punch             |     1 |       |       ||     1
   Cast: Foxfire           |    44 |    27 |    10 ||    81
         Scorch            |    12 |    24 |     6 ||    42
         Flame Wave        |       |       |     1 ||     1
    Use: Scroll            |     2 |     4 |     2 ||     8
         Potion            |     1 |       |       ||     1
 Armour: Robe              |     8 |    26 |     4 ||    38
  Dodge: Dodged            |    22 |    27 |     5 ||    54
